Map: Kairos Junction LE

Players

Garna - Winner!

  • Race: Zerg Zerg
  • League: Platinum
  • Spawn Location: 11:00

Woah

  • Race: Terran Terran
  • Spawn Location: 5:00

VOD

Have the link to the VOD?

Description

Time

  • Played on: June 11, 2019, 3:35 p.m.
  • Length: 14:43
Show
View Real Time Build Order
Export as new Build Order

Garna Zerg - Winner!

Build Orders: Hatch First 

Get SALT Encoding   

  12  0:02  Drone  
  13  0:33  Hatchery  
  13  0:35  Drone  
  13  0:41  Drone  
  14  0:45  Extractor  
  14  0:46  Drone  
  14  0:55  Overlord  
  14  1:13  Spawning Pool  
  14  1:18  Drone  
  14  1:23  Drone  
  15  1:29  Drone  
  16  1:34  Drone  
  17  1:40  Drone  
  17  1:45  Drone  
  19  2:03  Drone x3  
  19  2:05  Queen  
  24  2:12  Metabolic Boost  
  24  2:19  Drone x2  
  26  2:28  Drone x2  
  28  2:41  Spine Crawler  
  27  2:49  Lair  
  27  2:56  Drone  
  27  2:57  Overlord  
  28  3:02  Extractor  
  27  3:15  Queen  
  29  3:22  Extractor  
  29  3:23  Extractor, Drone x9  
  36  3:51  Spire  
  36  3:53  Drone  
  36  3:55  Overlord  
  36  3:57  Overlord x2  
  36  4:14  Drone x2  
  38  4:19  Overseer  
  38  4:21  Drone  
  39  4:25  Drone x3  
  42  4:32  Spine Crawler  
  42  4:33  Spine Crawler  
  42  4:34  Spine Crawler  
  42  4:36  Spine Crawler x2  
  37  4:44  Drone x4  
  41  4:59  Drone x2  
  44  5:00  Drone x4  
  47  5:37  Overlord x3  
  47  5:38  Overlord  
  47  5:42  Hatchery  
  46  5:43  Extractor, Drone  
  46  5:44  Extractor  
  46  5:46  Drone x3  
  48  6:00  Zerg Flyer Weapons Level 1  
  48  6:14  Mutalisk x4  
  48  6:15  Mutalisk x5  
  48  6:16  Mutalisk  
  68  6:19  Mutalisk  
  68  6:22  Mutalisk  
  68  6:40  Spore Crawler x2  
  66  6:50  Zergling x20  
  76  7:02  Drone  
  76  7:03  Drone  
  78  7:10  Drone x3  
  70  7:59  Mutalisk x6  
  70  8:00  Mutalisk x4  
  75  8:22  Overseer  
  71  8:46  Zergling x2  
  71  8:47  Zergling x16  
  80  8:50  Queen  
  82  9:16  Hatchery  
  81  9:24  Hatchery  
  72  9:39  Zergling x28  
  86  9:53  Drone  
  86  9:54  Drone x3  
  61  10:35  Mutalisk x8  
  63  10:36  Mutalisk x2  
  72  10:51  Drone x5  
  72  10:52  Drone x2  
  79  10:59  Queen  
  78  11:44  Zergling x2  
  78  11:45  Zergling x44  
  78  11:46  Zergling x2  
  102  11:59  Overlord x5  
  102  12:01  Zerg Flyer Armor Level 1  
  68  12:57  Mutalisk x7  
  68  12:58  Mutalisk x8  
  80  12:59  Mutalisk x4  
  99  13:11  Queen  
  100  13:17  Drone  
  100  13:18  Drone x6  
  107  13:32  Drone x8  
  115  13:36  Extractor  
  115  13:38  Extractor  
  109  13:57  Zergling x2  
  109  13:58  Zergling x34  
Show
View Real Time Build Order
Export as new Build Order

Woah Terran 

Build Orders:  

Get SALT Encoding   

  12  0:02  SCV  
  13  0:15  SCV  
  13  0:20  Supply Depot  
  14  0:28  SCV  
  15  0:31  Refinery  
  15  0:45  Barracks  
  15  0:46  SCV  
  16  0:58  SCV  
  17  1:06  Refinery  
  17  1:10  SCV  
  18  1:24  SCV  
  19  1:45  Command Center  
  19  1:55  Supply Depot  
  19  2:00  Barracks Reactor  
  19  2:23  Orbital Command, Factory  
  19  2:41  Marine x2  
  21  2:58  SCV  
  22  3:00  Marine x2  
  22  3:01  Orbital Command  
  24  3:07  Starport  
  24  3:12  SCV  
  25  3:29  Orbital Command  
  25  3:34  SCV  
  25  3:35  Barracks  
  25  3:36  Hellion x2  
  30  3:42  Barracks Tech Lab  
  30  3:46  SCV  
  31  3:55  SCV  
  32  4:01  Hellion x2  
  36  4:09  SCV  
  37  4:19  Command Center  
  37  4:21  SCV  
  37  4:22  SCV  
  39  4:32  Cloaking Field  
  39  4:33  Banshee  
  42  4:39  Barracks Tech Lab  
  42  4:40  Factory Tech Lab  
  42  4:42  Barracks  
  42  4:44  Marine x2  
  44  4:53  SCV  
  44  4:54  SCV  
  44  4:59  Stimpack  
  46  5:08  Siege Tank  
  46  5:12  Engineering Bay x2  
  49  5:18  Supply Depot  
  49  5:20  SCV  
  50  5:27  SCV  
  51  5:37  Barracks  
  51  5:40  Terran Infantry Weapons Level 1, Terran Infantry Armor Level 1  
  51  5:44  SCV  
  52  5:50  Barracks Reactor  
  52  5:55  Orbital Command  
  52  6:06  Barracks  
  52  6:09  Combat Shield  
  52  6:15  SCV x2  
  54  6:20  Barracks  
  54  6:22  Starport Reactor  
  54  6:27  Orbital Command  
  54  6:29  SCV  
  55  6:42  SCV  
  55  6:44  Missile Turret  
  55  6:45  Missile Turret, Marine  
  55  6:46  Marine x3  
  49  6:55  Missile Turret  
  49  6:56  Barracks Reactor  
  49  7:03  Marine  
  49  7:04  Marine x4  
  49  7:06  Missile Turret, Marine  
  55  7:10  Barracks Reactor  
  55  7:14  Missile Turret  
  40  7:30  Marine x2  
  39  7:48  Marine x2  
  39  7:49  Marine x4  
  38  7:54  Marine x2  
  33  8:06  Marine x3  
  33  8:07  Marine x3  
  33  8:11  Marine  
  33  8:12  Medivac x2, Marine  
  45  8:19  Supply Depot  
  39  8:43  SCV x2  
  41  8:55  SCV  
  42  9:12  Starport  
  42  9:14  Fusion Core  
  42  9:22  Armory, Marine x3  
  42  9:23  Marine x5, Refinery  
  42  9:24  Refinery  
  49  9:40  Marine x2  
  49  9:41  Missile Turret  
  49  9:43  Missile Turret  
  49  9:44  Marine x2  
  53  9:46  Marine  
  53  9:47  Marine  
  55  10:08  Widow Mine  
  38  10:36  Marine x7  
  44  10:43  Command Center  
  40  10:51  Terran Infantry Weapons Level 2, Terran Infantry Armor Level 2  
  40  11:00  Marine x7  
  47  11:12  Marine  
  47  11:17  Marine  
  47  11:18  Marine x4  
  46  11:35  Medivac x2  
  46  11:36  Marine x5  
  55  11:42  Marine x2  
  55  11:44  Widow Mine  
  59  12:07  Factory Reactor  
  33  12:40  Marine x3  
  33  12:41  Marine x2  
  28  12:44  Marine x2  
  28  12:45  Marine  
  31  12:58  Marine x4  
  31  12:59  Marine  
  31  13:02  Marine x3  
  31  13:03  Supply Depot  
  39  13:06  Orbital Command  
  39  13:21  SCV x2  
  41  13:33  SCV x2, Widow Mine  
  45  13:37  Marine x3  
  48  13:42  Marine  
  48  13:45  SCV  
  49  14:00  Missile Turret  
  49  14:01  Missile Turret  
  49  14:06  SCV x3  
  52  14:18  SCV x2  
Tags
 
League
Platinum
Matchup
TvZ
Replay Pack
r1
Spawn Locations
Cross Positions
Add a new tag
Caveats
  • Supply blocks, unpowered buildings, or Contaminate may cause inaccurate times.
  • Supply counts are checked every 10 seconds.